 Dungeon Crawl Stone Soup version 0.28.0-45-g0d030f2227 (webtiles) character file.

Game seed: 4190531360730126536

67 MalarOregon the Grasshopper (level 3, -2/29 HPs)
             Began as a Palentonga Warper on Apr 23, 2022.
             Slain by an orc wizard
             ... wielding a +0 dagger
              (4 damage)
             ... on level 2 of the Dungeon.
             The game lasted 00:08:34 (3589 turns).

MalarOregon the Grasshopper (Palentonga Warper)     Turns: 3589, Time: 00:08:35

Health: -2/29      AC:  4    Str: 17    XL:     3   Next: 98%
Magic:  2/2        EV:  9    Int: 15    God:
Gold:   103        SH:  0    Dex:  9    Spells: 4/6 levels left

rFire   . . .      SeeInvis +   e - +6 dagger of Ru's Inspiration {antimagic, rC+ rN++ Str+3}
rCold   + . .      Faith    .   (no shield)
rNeg    + + .      Spirit   .   b - +0 leather armour
rPois   .          Reflect  .   (no helmet)
rElec   .          Harm     .   (no cloak)
rCorr   .          Rampage  .   (no gloves)
Will    .....                   (no barding)
Stlth   ..........              (no amulet)
HPRegen 0.09/turn               (no ring)
MPRegen 0.08/turn               (no ring)

@: silenced
A: large, rugged brown scales 3, see invisible, deformed body, roll 1, armoured
tail
a: Rolling Charge


You were on level 2 of the Dungeon.
You visited 1 branch of the dungeon, and saw 3 of its levels.

You collected 103 gold pieces.


Innate Abilities, Weirdness & Mutations

You are completely covered in rugged brown scales. (AC +3, +7% HP)
You have supernaturally acute eyesight. (SInv)
Armour fits poorly on your strangely shaped body.
You can roll at nearby foes to attack.
You have a long armoured tail.


   Skills:
 * Level 2.4 Fighting
 - Level 2.3(2.4) Axes
 * Level 0.3(1.5) Maces & Flails
 - Level 0.6 Throwing
 * Level 1.3 Armour
 * Level 2.1 Dodging
 * Level 2.4 Spellcasting
 * Level 3.3 Translocations


You had 4 spell levels left.
You knew the following spells:

 Your Spells              Type           Power      Damage    Failure   Level
b - Blink                 Tloc           22%        N/A       10%         2

Your spell library contained the following spells:

 Spells                   Type           Power      Damage    Failure   Level
 Gell's Gravitas          Tloc           11%        N/A       19%         3
 Lesser Beckoning         Tloc           11%        N/A       19%         3
 Teleport Other           Tloc           11%        N/A       19%         3
 Manifold Assault         Tloc           11%        N/A       87%         5
 Iskenderun's Battlesphe  Conj           1%         2d6       100%        5
 Iron Shot                Conj/Erth      0%         9d1       100%        6
 Spellforged Servitor     Conj/Summ      0%         N/A       100%        7

Inventory:

Hand Weapons
 a - a +0 hand axe
 e - the +6 dagger of Ru's Inspiration (weapon) {antimagic, rC+ rN++ Str+3}
   (You found it on level 2 of the Dungeon)

   It reduces the magical energy of the wielder, and disrupts the spells and
   magical abilities of those it strikes.
   Natural abilities and divine invocations are not affected.
   Str:       It affects your strength (+3).
   rC:        It protects you from cold.
   rN:        It greatly protects you from negative energy.
Missiles
 d - 5 boomerangs of dispersal {!f}
 k - 3 poisoned darts (quivered)
Armour
 b - a +0 leather armour (worn)
 p - the +3 buckler of Ezockiq {rC- Int+9}
   (You found it on level 3 of the Dungeon)

   Int:       It affects your intelligence (+9).
   rC:        It makes you vulnerable to cold.
Magical Staves
 n - a staff of cold
   (You found it on level 2 of the Dungeon)
Scrolls
 c - a scroll of blinking
 f - 2 scrolls of immolation {!r}
 h - a scroll of fog
 l - a scroll of enchant armour {unknown}
Potions
 i - a potion of lignification {unknown}
 j - 2 potions of haste {unknown}
 m - a potion of attraction {unknown}
 o - a potion of curing {unknown}

Dungeon Overview and Level Annotations

Branches:
Dungeon (3/15)

Altars:

Annotations:
D:2 !scorpion

######.##............# #.#
#...........#.###..# #.#
#.##.###..#.#.###..###.#
#.##.###..#.#.#>.......#
#.##...............#####
#.######..#.######.#
#.######..#.# #.#
#.........#.######.#
#########.#...@o...#
########.##########
####........####
...............#
####.##.....##.# #
#)##.##...#.######## #
#.##.#...<.........########
#
#.........#..###.#........#
# ####.........#
#.#.######.#


You could see an orc wizard.


Message History

You slash the orc!
You kill the orc!
The orc wizard gestures at you while chanting.
You are confused.
You miss the orc wizard.
You tail-slap the orc wizard, but do no damage.
The orc wizard gestures at you while chanting.
The puff of flame hits you.
* * * LOW HITPOINT WARNING * * *
You bump into the rock wall.
The orc wizard hits you but does no damage.
You miss the orc wizard.
Your tail-slap misses the orc wizard.
The orc wizard hits you with a +0 dagger.
* * * LOW HITPOINT WARNING * * *
Found a large cabochon ring.
The orc wizard casts a spell.
The orc wizard flickers and vanishes for a moment.
You bump into the rock wall.
You bump into the rock wall.
You feel less confused.
The orc wizard hits you but does no damage.
The orc wizard points at you and mumbles some strange words.
The orc wizard resists with some effort.
Found a scroll labelled FORIEH DUOPEO.
Blink to where?
Press: ? - help, Dir - move target
As you read the scroll of blinking, it crumbles to dust.
As you read the scroll of fog, it crumbles to dust.
The scroll dissolves into smoke.
There is a stone staircase leading down here.
The orc wizard gestures at you while chanting.
The magic dart hits you.
* * * LOW HITPOINT WARNING * * *
There is a stone staircase leading up here.
Warning, next level annotated: !scorpion Enter next level anyway?
You climb upwards.
There is a stone staircase leading down here.
You start resting.
You climb downwards.
The orc wizard casts a spell.
The orc wizard flickers and vanishes for a moment.
There is a stone staircase leading up here.
Warning, next level annotated: !scorpion Enter next level anyway?
You climb upwards.
There is a stone staircase leading down here.
You climb downwards.
The orc wizard casts a spell at you. The magic dart hits you.
There is a stone staircase leading up here.
Warning, next level annotated: !scorpion Enter next level anyway?
You climb upwards.
There is a stone staircase leading down here.
You start resting.
You climb downwards.
The orc wizard barely misses you.
The orc wizard points at you and mumbles some strange words.
The puff of flame hits you!
There is a stone staircase leading up here.
Warning, next level annotated: !scorpion Enter next level anyway?
The orc wizard completely misses you.
The orc wizard casts a spell.
The orc wizard flickers and vanishes for a moment.
You climb upwards.
There is a stone staircase leading down here.
You miss the orc wizard. The orc wizard casts a spell at you.
The puff of flame hits you!
* * * LOW HITPOINT WARNING * * *
You miss the orc wizard.
Your tail-slap misses the orc wizard.
The orc wizard gestures at you while chanting.
The puff of flame hits you.
* * * LOW HITPOINT WARNING * * *
You closely miss the orc wizard.
Your tail-slap misses the orc wizard.
The orc wizard casts a spell at you. The magic dart hits you.
* * * LOW HITPOINT WARNING * * *
As you read the scroll of silence, it crumbles to dust.
A profound silence engulfs you.
The orc wizard hits you but does no damage.
Magic scrolls do not work when you're silenced!
You feel stronger.
You feel magic leave you.
e - the +6 dagger of Ru's Inspiration (weapon)
{antimagic, rC+ rN++ Str+3} The orc wizard barely misses you.
You barely miss the orc wizard.
The orc wizard hits you but does no damage.
You hit the orc wizard.
The orc wizard's magic leaks into the air.
Your tail-slap misses the orc wizard.
The orc wizard hits you but does no damage.
You barely miss the orc wizard.
Your tail-slap misses the orc wizard.
The orc wizard hits you with a +0 dagger.
* * * LOW HITPOINT WARNING * * *
You barely miss the orc wizard.
Your tail-slap misses the orc wizard.
The orc wizard's magic is no longer disrupted.
The orc wizard hits you with a +0 dagger.
You die...

Skill      XL: |  1  2  3 |
---------------+----------+-----
Armour         | 1 |  1.3
Dodging        | 2 |  2.1
Fighting       | |  2.4
Axes           | |  2.3
Maces & Flails | |  0.3
Throwing       | |  0.6
Spellcasting   | |  2.4
Translocations | |  3.3

Action                   || total
-------------------------++-------
Melee: Hand axe          ||   136
       Tailslap          ||    19
       Dagger            ||     4
       Punch             ||     1
Throw: Dart              ||     3
 Cast: Blink             ||     4
 Abil: Rolling Charge    ||     1
  Use: Scroll            ||     6
Armor: Leather armour    ||    61
Dodge: Dodged            ||    59

Levels and vault maps discovered:
D:1:      zaba_arrival_water, layout_basic, ebering_ecumenical_altar_petrified
D:2:      layout_loops_corners
D:3:      layout_loops_ring, uniq_jessica

Notes
Turn   | Place    | Note
-------+----------+-------------------------------------------
     0 | D:1      | MalarOregon the Palentonga Warper began the quest for the
                  | Orb.
     0 | D:1      | Reached XP level 1. HP: 17/17 MP: 3/3
   224 | D:1      | Found a faded altar of an unknown god.
   405 | D:1      | Reached XP level 2. HP: 16/23 MP: 5/5
   518 | D:1      | Reached skill level 1 in Armour
   532 | D:1      | Learned a level 2 spell: Blink
   538 | D:1      | You pick up a book of Power and begin reading...
   538 | D:1      | You add the spells Iskenderun's Battlesphere, Iron Shot and
                  | Spellforged Servitor to your library.
  1305 | D:2      | Reached XP level 3. HP: 14/28 MP: 6/6
  1872 | D:2      | Reached skill level 2 in Dodging
  1990 | D:2      | HP: 7/28 [poisoned by an adder]
  1990 | D:2      | HP: 3/28 [adder (4)]
  2442 | D:2      | Identified the +6 dagger of Ru's Inspiration {antimagic,
                  | rC+ rN++ Str+3}
  2620 | D:3      | Noticed a scorpion
  3234 | D:3      | Identified the +3 buckler of Ezockiq {rC- Int+9}
  3277 | D:3      | HP: 7/29 [orc wizard/puff of flame (6)]
  3305 | D:3      | HP: 7/29 [orc wizard/magic dart (2)]
  3583 | D:2      | HP: 3/29 [orc wizard/magic dart (5)]
  3588 | D:2      | HP: 2/29 [orc wizard/+0 dagger (2)]
  3589 | D:2      | Slain by an orc wizard

Vanquished Creatures
  2 adders (D:2)
  A dart slug (D:2)
  2 orcs (D:3)
  2 ball pythons (D:1)
  5 endoplasms
  2 giant cockroaches
  6 hobgoblins
  2 quokkas
  5 bats
  3 frilled lizards
  4 goblins
  3 kobolds
  6 rats
43 creatures vanquished.

Table legend:
 A = Non-vault XP
 B = Vault XP
 C = Vault XP percentage of total XP
 D = Non-vault monster count
 E = Vault monster count
 F = Vault count percentage of total count
                 A         B        C        D         E       F
            +---------+---------+-------+---------+---------+-------
      Total |      96 |       0 |   0.0 |      43 |       0 |   0.0
            +---------+---------+-------+---------+---------+-------
        D:1 |      31 |       0 |   0.0 |      20 |       0 |   0.0
        D:2 |      46 |       0 |   0.0 |      12 |       0 |   0.0
        D:3 |      19 |       0 |   0.0 |      11 |       0 |   0.0
            +---------+---------+-------+---------+---------+-------

Illustrated notes

Table legend:
 A = Kills in this place as a percentage of kills in entire the game.
 B = Kills by you in this place as a percentage of kills by you in the entire game.
 C = Kills by friends in this place as a percentage of kills by friends in the entire game.
 D = Other kills in this place as a percentage of other kills in the entire game.
 E = Experience gained in this place as a percentage of experience gained in the entire game.
 F = Experience gained in this place divided by the number of levels of this place that you have seen.
                   A       B       C       D       E      F
               +-------+-------+-------+-------+-------+----------------------
         Total | 100.0 | 100.0 |   N/A |   N/A | 100.0 |  32.0
       Dungeon | 100.0 | 100.0 |   N/A |   N/A | 100.0 |  32.0
               +-------+-------+-------+-------+-------+----------------------

Table legend: (Time is in decaauts)
 A = Elapsed time spent in this place.
 B = Non-inter-level travel time spent in this place.
 C = Inter-level travel time spent in this place.
 D = Time resting spent in this place.
 E = Time spent auto-exploring this place.
 F = Levels seen in this place.
 G = Mean time per level.
                   A        B        C        D        E       F      G
               +--------+--------+--------+--------+--------+-----+--------+
         Total |   3625 |   3522 |    103 |    905 |   2068 |   3 | 1208.3 |
       Dungeon |   3625 |   3522 |    103 |    905 |   2068 |   3 | 1208.3 |
               +--------+--------+--------+--------+--------+-----+--------+

Top non-repeatable levels by time:
     D:2: 1818 daAuts
     D:1: 1230 daAuts
     D:3: 576 daAuts
